 Dungeon Crawl Stone Soup version 0.18-b1-14-g029dad2 (webtiles) character file.

76 Alarkh the Grave Robber (level 4, -8/30 HPs)
             Began as a Mummy Necromancer on Apr 30, 2016.
             Mangled by an ogre
             ... wielding a +0 giant club
              (26 damage)
             ... on level 2 of the Dungeon.
             The game lasted 00:02:33 (1934 turns).

Alarkh the Grave Robber (Mummy Necromancer)         Turns: 1934, Time: 00:02:34

Health: -8/30      AC:  4    Str: 11    XL:     4   Next: 12%
Magic:  1/8        EV: 12    Int: 15    God:
Gold:   61         SH:  0    Dex: 12    Spells: 2 memorised, 5 levels left

rFire  x . .     SeeInvis .     d - +0 dagger
rCold  + . .     Gourm    .     a - +0 robe
rNeg   + + +     Faith    .     (no shield)
rPois  ∞         Spirit   .     (no helmet)
rElec  .         Dismiss  .     k - +0 cloak
rCorr  .         Reflect  .     (no gloves)
SustAt .         Harm     .     e - +0 pair of boots
MR     .....                    (no amulet)
Stlth  ++........               (no ring)
                                (no ring)

@: not resistant to hostile enchantments, unstealthy
A: no food or potions, fire vulnerability, cold resistance 1, negative energy
resistance 3, torment resistance, unbreathing
a: no special abilities


You were on level 2 of the Dungeon.
You were not hungry.

You visited 1 branch of the dungeon, and saw 3 of its levels.

You collected 61 gold pieces.

Inventory:

Hand Weapons
 d - a +0 dagger (weapon)
Armour
 a - a +0 robe (worn)
 e - a +0 pair of boots (worn)
 k - a +0 cloak (worn)
Scrolls
 c - 2 scrolls of recharging
 g - a scroll of amnesia
 h - a scroll of enchant armour {unknown}
 i - a scroll of magic mapping {unknown}
 j - a scroll of blinking {unknown}
 l - a scroll of remove curse {unknown}
Books
 b - a book of Necromancy

   Spells                             Type                      Level
   a - Pain                           Necromancy                   1
   b - Animate Skeleton               Necromancy                   1
   c - Vampiric Draining              Necromancy                   3
   d - Regeneration                   Charms/Necromancy            3
   e - Animate Dead                   Necromancy                   4
   f - Control Undead                 Necromancy                   4


   Skills:
 - Level 1.5 Dodging
 - Level 1.5 Stealth
 + Level 3.0 Spellcasting
 + Level 5.1 Necromancy


You had 5 spell levels left.
You knew the following spells:

 Your Spells              Type           Power        Failure   Level  Hunger
a - Pain                  Necr           ###.         2%          1    N/A
b - Vampiric Draining     Necr           ###.......   10%         3    N/A

Dungeon Overview and Level Annotations

Branches:
Dungeon (3/15)

Altars:
Nemelex Xobeh
The Shining One


Innate Abilities, Weirdness & Mutations

You do not eat or drink.
Your flesh is vulnerable to fire.
You are immune to poison.
Your flesh is cold resistant.
You are immune to negative energy.
You are immune to unholy pain and torment.
You can survive without breathing.


Message History

Aim: an ogre, wielding a giant club (severely wounded, chance to defeat MR: 76%)
The ogre barely resists.
The ogre barely misses you.
Things that are here:
a leather armour; a club
There is a stone staircase leading up here.
You see here a tomahawk.
The ogre hits you with a giant club!
You climb upwards.
There is a stone staircase leading down here.
You see here a stone.
Things that are here:
a club; an orc corpse
Casting: Pain
Confirm with . or Enter, or press ? or * to list all spells.
Aiming: Pain
Press: ? - help, Shift-Dir - straight line, f - ogre
Aim: an ogre, wielding a giant club (severely wounded, chance to defeat MR: 76%)
The ogre convulses in agony!
The ogre hits you with a giant club!!
Ouch! That really hurt!
You die...

##.#.######...#'#'#..##
###.P......##..###.###..#
#.P♣P...##.#..###._.###.#
##.PP♣..P.#.#...###.###..#
###..P.♣P...#.#..).#####..##
....P♣♣♣.....>.)...%###...#
...P..P♣♣P..####.....#..#.#
##..PP♣.PP#.# #O###...##.#
.........##.####@########.#
#......)..................#
#...##♣♣♣♣♣♣♣♣♣♣.##########
......♣PP♣♣♣♣P♣♣.#
##.##............#
##.###♣PPPP..♣.♣## ...#
♣♣♣♣♣♣♣♣♣♣ .### .#


You could see an ogre.

Vanquished Creatures
  2 adders (D:2)
  An ooze (D:1)
  3 dart slugs
  2 giant geckos (D:2)
  4 orcs
  2 bats (D:2)
  6 hobgoblins
  2 jackals (D:2)
  8 kobolds
  A quokka (D:2)
  A giant newt (D:1)
  3 goblins
  4 rats (D:1)
39 creatures vanquished.

Vanquished Creatures (others)
  A fungus (D:1)
1 creature vanquished.

Grand Total: 40 creatures vanquished

Notes
Turn   | Place    | Note
--------------------------------------------------------------
     0 | D:1      | Alarkh the Mummy Necromancer began the quest for the Orb.
     0 | D:1      | Reached XP level 1. HP: 13/13 MP: 3/3
   266 | D:1      | Reached XP level 2. HP: 18/19 MP: 3/5
   872 | D:2      | Reached XP level 3. HP: 24/24 MP: 1/7
   877 | D:2      | Learned a level 3 spell: Vampiric Draining
  1022 | D:2      | Found a glowing golden altar of the Shining One.
  1496 | D:2      | Found a sparkling altar of Nemelex Xobeh.
  1543 | D:2      | Reached skill level 5 in Necromancy
  1770 | D:3      | Reached XP level 4. HP: 26/30 MP: 5/8
  1854 | D:3      | Noticed an ogre
  1934 | D:2      | Mangled by an ogre

Skill      XL: |  1  2  3 |
---------------+----------+-----
Necromancy     | 5 |  5.1
Spellcasting   | 3 |  3.0
Dodging        | |  1.5
Stealth        | |  1.5

Action                   |  1- 3 |  4- 6 || total
-------------------------+-------+-------++-------
Melee: Dagger            |    27 |     1 ||    28
 Cast: Pain              |    67 |    22 ||    89
  Use: Scroll            |     2 |       ||     2
Armor: Robe              |    21 |     4 ||    25
Dodge: Dodged            |    49 |    12 ||    61
